 Dungeon Crawl Stone Soup version 0.28-a0-1234-g826d19b2e0 (webtiles) character file.

Game seed: 14689768285667925994

28 SensoryNuts the Shield-Bearer (level 3, 0/36 HPs)
             Began as a Troll Fighter on Dec 23, 2021.
             Slain by a giant cockroach (2 damage)
             ... on level 2 of the Dungeon.
             The game lasted 00:01:11 (1029 turns).

SensoryNuts the Shield-Bearer (Troll Fighter)       Turns: 1029, Time: 00:01:12

Health: 0/36       AC:  4    Str: 26    XL:     3   Next: 0%
Magic:  2/2        EV:  8    Int:  4    God:
Gold:   104        SH:  7    Dex:  9    Spells: 2/2 levels left

rFire   . . .      SeeInvis .   a - +1 flail
rCold   . . .      Faith    .   c - +0 kite shield
rNeg    . . .      Spirit   .   b - +0 robe
rPois   .          Reflect  .   (helmet restricted)
rElec   .          Harm     .   (no cloak)
rCorr   .          Rampage  .   (gloves unavailable)
Will    .....                   (boots unavailable)
Stlth   +.........              (no amulet)
HPRegen 0.92/turn               (no ring)
MPRegen 0.08/turn               (no ring)

@: lethally poisoned (0 -> -1)
A: large, unfitting armour, claws 3, regeneration 1, shaggy fur 1, tough skin 1
a: no special abilities


You were on level 2 of the Dungeon.
You visited 1 branch of the dungeon, and saw 2 of its levels.

You collected 104 gold pieces.

Inventory:

Hand Weapons
 a - a +1 flail (weapon)
Armour
 b - a +0 robe (worn)
 c - a +0 kite shield (worn)
Scrolls
 g - a scroll of enchant weapon
 h - a scroll of enchant armour {unknown}
Potions
 d - a potion of might
 e - a potion of magic {unknown}
 f - a potion of mutation {unknown}


   Skills:
 + Level 2.6 Fighting
 + Level 2.2 Maces & Flails
 + Level 2.7 Dodging
 + Level 2.7 Shields


You had 2 spell levels left.
You didn't know any spells.
Your spell library was empty.

Dungeon Overview and Level Annotations

Branches:
Dungeon (2/15)

Altars:


Innate Abilities, Weirdness & Mutations

You are too large for most types of armour.
You have claws for hands.
Your natural rate of healing is unusually fast.
You are covered in fur. (AC +1)
You have tough skin. (AC +1)


Message History

The adder poisons you!
The ball python bites you but does no damage.
You block the giant cockroach's attack. The adder bites you but does no damage.
You barely miss the ball python.
The ball python is moderately wounded.
You feel sick. You block the giant cockroach's attack. The adder bites you.
The ball python bites you but does no damage.
You block the adder's attack. You block the giant cockroach's attack.
The ball python completely misses you.
You hit the ball python.
You kill the ball python!
You feel sick. The adder completely misses you.
You block the giant cockroach's attack. You block the adder's attack.
The kobold hits you with a +1 short sword of holy wrath.
The giant cockroach bites you but does no damage.
You have reached level 3!
Your experience leads to an increase in your attributes!
Increase (S)trength, (I)ntelligence, or (D)exterity?
You feel stronger. x3
You closely miss the kobold.
You feel sick. You block the adder's attack.
The giant cockroach bites you but does no damage.
You block the kobold's attack. You block the adder's attack.
You barely miss the kobold.
You feel sick.
You are no longer poisoned.
The giant cockroach bites you but does no damage.
The kobold hits you with a +1 short sword of holy wrath.
The adder bites you.
* * * LOW HITPOINT WARNING * * *
You are poisoned.
The adder poisons you! The giant cockroach bites you.
* * * LOW HITPOINT WARNING * * *
You block the kobold's attack. The adder bites you.
* * * LOW HITPOINT WARNING * * *
You closely miss the kobold.
You feel sick. You block the giant cockroach's attack. The adder bites you.
* * * LOW HITPOINT WARNING * * *
The kobold hits you with a +1 short sword of holy wrath.
* * * LOW HITPOINT WARNING * * *
The giant cockroach bites you.
You die...

..........................###.##
.....#...##.#...#...............
#....#.#..#...#.#.........###.##
..........................# #...
#..............#.........# ###.
#.#........##..#......... #.
#.......#####..#......... #>
.....#..## ##KBb........ #.
.##.....# #@#.######## ##
#.###.. #.S...## #. .. #.#
##.....# ######. .. #..
..####..♣♣♣♣♣♣♣♣...... . ...
#.......♣♣..♣.♣♣♣####. .##
.....#........P...###.
......##♣♣♣PP..P♣..... ......
♣♣♣♣♣♣♣##... ...... #..♣


You could see an adder, a giant cockroach, a bat and a kobold.

Vanquished Creatures
  A worm (D:2)
  4 endoplasms (D:1)
  3 goblins
  2 hobgoblins
  4 quokkas
  4 ball pythons
  A bat (D:1)
  A frilled lizard (D:1)
  2 kobolds (D:1)
  A rat (D:1)
23 creatures vanquished.

Vanquished Creatures (others)
  A plant (D:2)
1 creature vanquished.

Grand Total: 24 creatures vanquished

Notes
Turn   | Place    | Note
-------+----------+-------------------------------------------
     0 | D:1      | SensoryNuts the Troll Fighter began the quest for the Orb.
     0 | D:1      | Reached XP level 1. HP: 22/22 MP: 0/0
   192 | D:1      | Reached XP level 2. HP: 29/29 MP: 1/1
   655 | D:1      | You fall into a shaft and drop 1 floor!
  1027 | D:2      | Reached XP level 3. HP: 14/36 MP: 2/2
  1029 | D:2      | Slain by a giant cockroach

Illustrated notes

Levels and vault maps discovered:
D:1:      wheals_arrival_shading, layout_basic, feat_on_display
D:2:      layout_rooms, serial_forest, infiniplex_forest_lined_3,
          infiniplex_forest_end_3, infiniplex_forest_straight_3,
          infiniplex_forest_zigzag_1, infiniplex_forest_corner_1,
          minmay_fractal_squares_5

Skill      XL: |  1 |
---------------+----+-----
Maces & Flails | 2 |  2.2
Fighting       | |  2.6
Dodging        | |  2.7
Shields        | |  2.7

Action                   || total
-------------------------++-------
Melee: Flail             ||    77
  Use: Scroll            ||     2
       Potion            ||     2
Armor: Robe              ||    47
Dodge: Dodged            ||    44
Block: Kite shield       ||    43

Table legend: (Time is in decaauts)
 A = Elapsed time spent in this place.
 B = Non-inter-level travel time spent in this place.
 C = Inter-level travel time spent in this place.
 D = Time resting spent in this place.
 E = Time spent auto-exploring this place.
 F = Levels seen in this place.
 G = Mean time per level.
                   A        B        C        D        E       F      G
               +--------+--------+--------+--------+--------+-----+--------+
         Total |   1068 |   1054 |     14 |    130 |    694 |   2 |  534.0 |
       Dungeon |   1068 |   1054 |     14 |    130 |    694 |   2 |  534.0 |
               +--------+--------+--------+--------+--------+-----+--------+

Top non-repeatable levels by time:
     D:1: 855 daAuts
     D:2: 213 daAuts
